 Dungeon Crawl Stone Soup version 0.23.2-40-g277498a001 (webtiles) character file.

Game seed: 2133306439892727240

399 FantasticalWhimsy the Grave Robber (level 6, -4/43 HPs)
             Began as a Vampire Necromancer on Aug 18, 2019.
             Slain by an ogre
             ... wielding a +0 giant club
              (19 damage)
             ... on level 4 of the Dungeon.
             The game lasted 00:20:07 (6993 turns).

FantasticalWhimsy the Grave Robber (VpNe)           Turns: 6993, Time: 00:20:07

Health: -4/43      AC:  4    Str:  7    XL:     6   Next: 53%
Magic:  11/11      EV: 12    Int: 20    God:
Gold:   231        SH:  0    Dex: 14    Spells: 3/11 levels left

rFire    . . .     SeeInvis +   w - +0 blowgun
rCold    . . .     Gourm    .   (no shield)
rNeg     + . .     Faith    .   k - +1 leather armour
rPois    .         Spirit   .   (no helmet)
rElec    .         Reflect  .   (no cloak)
rCorr    .         Harm     .   (no gloves)
MR       .....                  (no boots)
Stlth    +++.......             (no amulet)
HPRegen  0.14/turn              (no ring)
MPRegen  0.12/turn              (no ring)

@: no status effects
A: fangs 3, see invisible, unbreathing
a: Bat Form


You were on level 4 of the Dungeon.
You were not thirsty.

You visited 1 branch of the dungeon, and saw 4 of its levels.

You collected 231 gold pieces.

Inventory:

Hand Weapons
 a - a +3 dagger of flaming
   (You took it off a kobold on level 2 of the Dungeon)
 b - a +0 hunting sling
   (You took it off a goblin on level 2 of the Dungeon)
 o - a +0 dagger
   (You took it off a kobold on level 1 of the Dungeon)
 t - a +2 dagger of venom
   (You took it off an orc on level 3 of the Dungeon)
 w - a +0 blowgun (weapon)
   (You took it off a kobold on level 3 of the Dungeon)
Missiles
 c - 204 stones
 f - 20 sling bullets
 v - a throwing net {!f}
 x - 6 poisoned needles (quivered)
Armour
 i - a +0 robe
 k - a +1 leather armour (worn)
   (You found it on level 1 of the Dungeon)
Scrolls
 h - a scroll of remove curse {@r2}
 s - a scroll of amnesia
Potions
 d - 2 potions of might {unknown}
 e - a potion of haste {unknown}
 g - a potion of brilliance {unknown}
 m - a potion of cancellation {unknown}
 n - 3 potions of mutation {!q}
 q - 10 potions of blood {@q0}
 r - 2 potions of heal wounds {@q2}
 u - a potion of curing {unknown}


   Skills:
 + Level 1.0 Fighting
 - Level 2.1 Dodging
 - Level 5.1 Stealth
 + Level 3.4 Spellcasting
 * Level 7.1 Necromancy


You had 3 spell levels left.
You knew the following spells:

 Your Spells              Type           Power        Failure   Level  Hunger
a - Pain                  Necr           ####         1%          1    None
e - Regeneration          Chrm/Necr      ###.......   14%         3    ###....
q - Vampiric Draining     Necr           ####......   3%          3    ###....
u - Animate Skeleton      Necr           N/A          1%          1    None

Your spell library contained the following spells:

 Spells                   Type           Power        Failure   Level  Hunger
 Apportation              Tloc           #.....       21%         1    None
 Confusing Touch          Hex            #.....       21%         1    None
 Summon Small Mammal      Summ           #...         21%         1    None
 Animate Dead             Necr           N/A          11%         4    ####...


Dungeon Overview and Level Annotations

Branches:
Dungeon (4/15)             Temple (0/1) D:4

Altars:
Ashenzari
Makhleb
Nemelex Xobeh
Qazlal
Ru
Uskayaw


Innate Abilities, Weirdness & Mutations

You have razor-sharp teeth.
You have supernaturally acute eyesight. (SInv)
You can survive without breathing.


Message History

You start resting.
You hear the rapid rusting of a distant drain. x2
You hear the drain falling apart.
The walls and floor vibrate strangely for a moment.
The ogre is too close now for your liking.
There is a stone staircase leading up here.
You turn into a vampire bat.
Your +0 hunting sling melds into your body.
Your +1 leather armour melds into your body.
There is a stone staircase leading up here.
You can't wield anything in your present form.
Your transformation has ended.
Your +0 hunting sling unmelds from your body.
Your +1 leather armour unmelds from your body.
The ogre shouts!
Wield which item (- for none, * to show all)? (? for menu, Esc to quit)
w - a +0 blowgun (weapon)
Firing (i - inventory. (/) - cycle)
x - 11 poisoned needles (quivered)
Aim: an ogre, wielding a +0 giant club You shoot a poisoned needle.
The poisoned needle barely misses the ogre.
Firing (i - inventory. (/) - cycle)
x - 10 poisoned needles (quivered)
Aim: an ogre, wielding a +0 giant club You shoot a poisoned needle.
The poisoned needle completely misses the ogre.
Firing (i - inventory. (/) - cycle)
x - 9 poisoned needles (quivered)
Aim: an ogre, wielding a +0 giant club You shoot a poisoned needle.
The poisoned needle hits the ogre.
The ogre is poisoned.
Firing (i - inventory. (/) - cycle)
x - 8 poisoned needles (quivered)
Aim: an ogre, wielding a +0 giant club (poisoned)
You shoot a poisoned needle. The poisoned needle hits the ogre.
Firing (i - inventory. (/) - cycle)
x - 7 poisoned needles (quivered)
Aim: an ogre, wielding a +0 giant club (poisoned)
You shoot a poisoned needle. The poisoned needle hits the ogre.
The ogre hits you with a +0 giant club!!
* * * LOW HITPOINT WARNING * * *
Unknown command.
The ogre hits you with a +0 giant club!
* * * LOW HITPOINT WARNING * * *
The ogre looks more healthy.
There is a stone staircase leading up here.
Okay, then.
There is a stone staircase leading up here.
There is a stone staircase leading up here.
There is a stone staircase leading up here.
There is a stone staircase leading up here.
There is a stone staircase leading up here.
The ogre hits you with a +0 giant club!!
You die...

#........oh#
#..........# #.# #.#
#### #.######## #...
#.#......# ...
#.#......#
..##.#......###
#.#..@)........
#.#.O#......### ##
##...##......# #.
#.......###### #.
#.#.#...# #.
#.#.#...# ######. #
#.#...#########......
#.(((...(...........%
#.....###..##..######


You could see an ogre.

Vanquished Creatures
  An ogre (D:2)
  3 worker ants (D:4)
  A hound zombie (D:4)
  8 gnolls
  4 adders
  4 oozes
  An adder skeleton (D:4)
  2 worms
  4 dart slugs
  4 leopard geckos
  5 orcs
  A bat (D:3)
  A giant cockroach (D:4)
  13 goblins
  7 hobgoblins
  4 jackals (D:4)
  8 kobolds
  2 quokkas
  6 frilled lizards
  A leopard gecko skeleton (D:4)
  10 rats
90 creatures vanquished.

Notes
Turn   | Place    | Note
-------+----------+-------------------------------------------
     0 | D:1      | FantasticalWhimsy the Vampire Necromancer began the quest
                  | for the Orb.
     0 | D:1      | Reached XP level 1. HP: 13/13 MP: 3/3
     2 | D:1      | Learned a level 1 spell: Animate Skeleton
   281 | D:1      | Reached XP level 2. HP: 19/19 MP: 3/5
   549 | D:1      | Reached skill level 5 in Necromancy
  1818 | D:2      | Reached XP level 3. HP: 21/24 MP: 1/6
  1869 | D:2      | Learned a level 3 spell: Vampiric Draining
  2530 | D:2      | Reached XP level 4. HP: 30/30 MP: 3/7
  2683 | D:2      | Noticed an ogre
  3208 | D:2      | Found a burning altar of Makhleb.
  3287 | D:2      | Found a sacrificial altar of Ru.
  3689 | D:2      | Found a sparkling altar of Nemelex Xobeh.
  3701 | D:2      | Found a hide-covered altar of Uskayaw.
  4035 | D:3      | Learned a level 3 spell: Regeneration
  4084 | D:3      | Reached skill level 6 in Necromancy
  4230 | D:3      | Found a shattered altar of Ashenzari.
  4606 | D:3      | Reached XP level 5. HP: 30/35 MP: 9/9
  4669 | D:3      | Noticed an ogre
  6091 | D:2      | Killed an ogre
  6091 | D:2      | Reached skill level 5 in Stealth
  6091 | D:2      | Reached XP level 6. HP: 41/41 MP: 10/10
  6413 | D:4      | Reached skill level 7 in Necromancy
  6791 | D:4      | Noticed a water elemental
  6792 | D:4      | Found a stormy altar of Qazlal.
  6795 | D:4      | Noticed an air elemental
  6795 | D:4      | Noticed a fire elemental
  6799 | D:4      | Reached skill level 1 in Fighting
  6831 | D:4      | Found a staircase to the Ecumenical Temple.
  6993 | D:4      | Slain by an ogre

Skill      XL: |  1  2  3  4  5  6 |
---------------+-------------------+-----
Necromancy     | 5 6 7 |  7.1
Stealth        | 4 5 |  5.1
Spellcasting   | 3 |  3.4
Fighting       | 1 |  1.0
Dodging        | |  2.1

Action                   |  1- 3 |  4- 6 || total
-------------------------+-------+-------++-------
Melee: Unarmed           |     1 |       ||     1
       Dagger            |     7 |     9 ||    16
       Bite              |     1 |       ||     1
 Fire: Hunting sling     |    30 |   168 ||   198
       Blowgun           |       |    18 ||    18
 Cast: Pain              |    52 |    57 ||   109
       Animate Skeleton  |     1 |       ||     1
       Vampiric Draining |     3 |       ||     3
 Abil: End Transformatio |     1 |     7 ||     8
       Bat Form          |     1 |     7 ||     8
  Use: Potion            |     4 |    11 ||    15
       Scroll            |       |     9 ||     9
Armor: Leather armour    |     1 |    33 ||    34
Dodge: Dodged            |    21 |    57 ||    78
